 Dungeon Crawl Stone Soup version 0.21-a0-19-g210df22 (webtiles) character file.

144616 hittemvvvvvhard the Fighter (level 16, -1/118 HPs)
             Began as a Mummy Artificer on May 23, 2017.
             Was the Champion of Hepliaklqana.
             Killed themself with a badly aimed fireball (5 damage)
             ... on level 3 of the Shoals on May 24, 2017.
             The game lasted 03:16:17 (52000 turns).

hittemvvvvvhard the Fighter (Mummy Artificer)      Turns: 52000, Time: 03:16:18

Health: -1/118     AC: 21    Str: 25    XL:     16   Next: 85%
Magic:  0/23       EV: 15    Int: 14    God:    Hepliaklqana [******]
Gold:   2097       SH:  0    Dex: 14    Spells: 14/15 levels left

rFire    x . .     SeeInvis .   a - +1 great mace
rCold    + . .     Gourm    .   (shield currently unavailable)
rNeg     + + +     Faith    .   o - +3 chain mail of Uharotwopn {rN+ Regen+ Str+4 Int+4}
rPois    ∞         Spirit   +   J - +2 helmet
rElec    .         Reflect  .   e - scarf {Spirit}
rCorr    .         Harm     .   (no gloves)
MR       +++..                  s - +1 pair of boots
Stlth    ..........             l - amulet of magic regeneration
Regen    0.7/turn               M - +5 ring of slaying
MPRegen  0.3/turn               x - ring of protection from magic

@: no status effects
A: no food or potions, fire vulnerability, reduced essence, cold resistance 1,
negative energy resistance 3, torment resistance, unbreathing, in touch with
death 1
a: Recall Ancestor, Ancestor Identity, Transference, Idealise, Renounce Religion


You were on level 3 of the Shoals.
You worshipped Hepliaklqana.
Hepliaklqana was exalted by your worship.
You were not hungry.

You visited 6 branches of the dungeon, and saw 32 of its levels.
You also visited: Labyrinth and Volcano.

You collected 2097 gold pieces.

Inventory:

Hand Weapons
 a - a +1 great mace (weapon)
 b - a +0 blowgun
Missiles
 c - 6 silver tomahawks (quivered)
 h - 8 poisoned tomahawks
 m - 5 curare-tipped needles
 p - 52 tomahawks
 G - 10 throwing nets {=f}
 K - 93 poisoned needles
 N - 6 exploding tomahawks {!f}
Armour
 e - a scarf of spirit shield (worn)
 o - the +3 chain mail of Uharotwopn (worn) {rN+ Regen+ Str+4 Int+4}
   (You found it on level 2 of the Spider Nest)

   It affects your strength (+4).
   It affects your intelligence (+4).
   It protects you from negative energy.
   It increases your rate of regeneration.
 s - a +1 pair of boots (worn)
 F - a scarf of repulsion
 J - a +2 helmet (worn)
Jewellery
 j - a +4 ring of protection
 l - an amulet of magic regeneration (around neck)
 x - a ring of protection from magic (right hand)
 C - an uncursed ring of protection from fire
 I - an uncursed ring of protection from cold
 M - a +5 ring of slaying (left hand)
Wands
 d - a wand of enslavement (0/24)
 g - a wand of lightning (0/15)
 n - a wand of flame (10/48)
 u - a wand of iceblast (0/15)
 v - a wand of confusion (3/48)
 w - a wand of flame (3/48)
 y - a wand of disintegration (0/24)
 D - a wand of digging (13/24)
 E - a wand of acid (0/15)
 H - a wand of digging (7/24)
 L - a wand of random effects (12/48) {!V}
 P - a wand of polymorph (15/24)
 Q - a wand of lightning (0/15)
Scrolls
 f - a scroll of fog
 k - 16 scrolls of remove curse
 r - a scroll of recharging
 t - 2 scrolls of magic mapping {!r}
 A - 2 scrolls of teleportation {!r}
 B - a scroll of blinking {!r}
 O - 2 scrolls of vulnerability {!r!r}
Miscellaneous
 q - a lamp of fire (inert)
 z - a fan of gales


   Skills:
 + Level 13.7 Fighting
   Level 0.7 Short Blades
 + Level 13.7 Maces & Flails
 + Level 11.8 Armour
 + Level 11.8 Dodging
 - Level 0.7 Stealth
 * Level 9.6 Evocations


You had 14 spell levels left.
You knew the following spells:

 Your Spells              Type           Power        Failure   Level  Hunger
B - Summon Butterflies    Summ           #.......     80%         1    N/A

Dungeon Overview and Level Annotations

Branches:
Dungeon (15/15)            Temple (1/1) D:5            Lair (6/6) D:8
 Shoals (4/4) Lair:3       Spider (4/4) Lair:4        Slime (0/5) Lair:5
    Orc (2/2) D:10         Vaults (0/5) D:13
    Elf: Orc:2       Depths: D:15

Altars:
Ashenzari
Cheibriados
Dithmenos
Elyvilon
Fedhas
Gozag
Hepliaklqana
Kikubaaqudgha
Makhleb
Nemelex Xobeh
Okawaru
Qazlal
Ru
Sif Muna
Trog
Uskayaw
Vehumet
Wu Jian
Xom
Yredelemnul
Zin
The Shining One
Beogh
Jiyva
Lugonu

Shops:
D:13 !

Portals:
Trove: D:14 (give 2 scrolls of acquirement)

Annotations:
D:10 exclusion: downstairs
D:15 exclusion: upstairs
Lair:1 exclusion: downstairs
Lair:2 exclusion: oklob plant
Lair:3 exclusions: downstairs and oklob plant
Lair:4 lindwurm and flight
Lair:5 exclusion: downstairs
Lair:6 dire elephant vault, exclusion: oklob plant, Lochraine's ghost, journeyman MiBe
Shoals:2 exclusions: downstairs and 1 more exclusion
Shoals:3 exclusion: downstairs
Shoals:4 Ilsuiw
Spider:1 exclusion: downstairs
Spider:2 exclusion: 2 downstairs
Spider:3 Nikola
Orc:1 exclusion: downstairs
Orc:2 Avack's ghost, journeyman HOFE


Innate Abilities, Weirdness & Mutations

You do not eat or drink.
Your flesh is vulnerable to fire.
You are immune to poison.
Your flesh is cold resistant. (rC+)
You are immune to negative energy. (rN+++)
You are immune to unholy pain and torment.
You can survive without breathing.
You are in touch with the powers of death.
Your life essence is reduced. (-10% HP)


Message History

* * * LOW MAGIC WARNING * * *;
* * * LOW HITPOINT WARNING * * *
You take 2 damage, and have 4/118 hp.
Richard is still trapped in memory!
Okay, then.
Aim: a merfolk javelineer, wielding a spear and wearing a leather armour (severely wounded, chance to defeat MR: 37%)
Okay, then.
Unknown command.
Unknown command.
Really evoke
L - a wand of random effects (13/48) {!V}?
Aim: a merfolk javelineer, wielding a spear and wearing a leather armour (severely wounded)
The merfolk javelineer seems to speed up.
This wand has 12 charges left.
The merfolk javelineer misses you.
The merfolk javelineer hits you but does no damage.
Really evoke
L - a wand of random effects (12/48) {!V}?
Aim: a merfolk javelineer, wielding a spear and wearing a leather armour (severely wounded, fast)
The fireball explodes!
The fireball engulfs the merfolk javelineer.
The fireball engulfs you! The fire burns you terribly!
* * * LOW MAGIC WARNING * * *
You die...

≈≈≈≈≈≈≈ ≈≈≈≈≈≈≈≈≈≈≈≈≈≈≈...###..≈
≈≈≈≈≈≈≈≈ ≈≈≈≈≈≈≈≈≈≈≈≈≈.≈.......≈≈
≈≈≈≈≈≈≈≈≈≈≈≈≈≈≈≈≈≈≈≈≈≈.≈≈......≈≈
≈≈≈≈≈≈≈≈≈≈≈≈≈≈≈≈≈≈≈≈≈≈≈≈≈≈....≈≈≈
≈≈≈≈≈≈≈≈≈≈≈≈≈≈≈≈≈≈≈≈≈≈≈≈≈≈≈≈≈≈≈≈≈
≈≈≈≈≈≈≈≈≈≈≈≈≈≈≈≈≈≈≈≈≈≈≈≈≈.≈≈≈≈≈≈≈
≈≈≈.≈≈≈≈≈≈≈≈≈≈≈≈≈≈≈≈≈≈≈≈≈≈≈≈≈≈≈≈≈
.≈≈.≈≈≈≈≈≈≈≈≈≈≈≈.≈≈≈≈≈≈≈≈≈≈≈≈≈≈≈≈
.....≈≈≈≈≈≈≈≈≈≈.@≈..≈≈≈≈≈≈≈≈≈≈≈≈≈
....≈≈≈≈≈≈≈≈≈≈≈≈)m.....≈≈≈≈≈≈≈≈≈≈
.≈...≈≈≈≈≈≈≈≈≈≈...÷.....≈≈≈≈≈≈≈≈≈
≈≈≈..≈≈≈≈≈≈≈≈≈≈.........≈≈≈≈≈≈≈≈≈
.≈≈≈≈≈≈≈≈≈≈≈≈....(.##...≈≈≈≈≈≈≈≈≈
.≈≈≈≈≈≈≈≈≈≈.............≈≈≈≈≈≈≈≈≈
≈≈≈≈≈≈≈≈≈≈≈≈...##....≈≈..≈≈≈≈≈≈≈≈
≈≈≈≈≈≈≈≈≈.≈..≈≈###..≈≈≈≈≈≈≈≈≈≈≈≈≈
≈≈≈≈≈≈≈≈≈≈≈..≈≈≈≈≈≈≈≈≈(≈≈≈≈≈≈≈≈≈≈


You could see a merfolk javelineer.

Vault maps used:
D:1:      roderic_crop_circles_arrival_small
D:2:      gammafunk_temple_overflow_pools, chequers_ecumenical_altar_island
D:3:      cheibriados_altar_1, corexii_item_surrounded_by_moat,
          okawaru_ov_weapons_minmay
D:4:      portal_sewer_entry_a, uniq_sigmund, uniq_menkaure
D:5:      minmay_temple_entry_large_hall, basic_altar, first_bread,
          kennysheep_generic_room_10
D:6:      nicolae_overflow_crystal_walls, uniq_prince_ribbit1,
          uniq_crazy_yiuf_cottage
D:7:      vehumet_altar_wand_db, gammafunk_temple_overflow_claw
D:8:      erik_lair_dragon
D:9:      nicolae_ru_awakened_eye
D:10:     cheibrodos_histonic, orc_0_dummy, basic_altar
D:11:     minmay_diamond_stairs, hangedman_pestilent_swarm, uniq_urug
D:12:     spider_trap, uniq_nessos, uniq_harold, uniq_fannar
D:13:     david_vaults_2, serial_shops, nicolae_shop_waterfront,
          lab_entry_generic
D:14:     minmay_misc_feat_pillars, nicolae_trove_entry_diagonal,
          nicolae_alphabet_shops, tgw_lugonu_bribe
D:15:     grunt_enter_depths_snipers, kennysheep_doodads, basic_altar
Temple:   nicolae_temple_figure_eight
Lair:1:   guppyfry_lair_drakes, lemuel_fruit_tree, uniq_grum
Lair:2:   grunt_megastairs_3, infiniplex_staircase_pool, serial_bayou_shore_b,
          minmay_lair_oklob_chamber
Lair:3:   elwin_shoals_entry_rooms
Lair:4:   nicolae_spider_entry_non_spiders, minmay_lindwurm_lava
Lair:5:   slime_altar_1, grunt_megastairs_5
Lair:6:   due_jungle_book, serial_bayou_shore_a, grunt_megastairs_4
Shoals:1: nicolae_shoals_undead_eyrie, uniq_kirke
Shoals:3: uniq_aizul
Shoals:4: shoals_end_simple, shoals_ilsuiw_ice, serial_shops, shop, uniq_ilsuiw
Spider:3: uniq_nikola
Spider:4: guppyfry_spider_rune, portal_ice_cave_entry_pillars_three
Orc:1:    nicolae_volcano_entry_lava_flow, basic_altar, uniq_nergalle
Orc:2:    st_orc_congregation, basic_altar
Lab:      labyrinth_mini_lab, nicolae_lab_very_dead_end, nicolae_lab_swirl,
          labyrinth_fake_exit, nicolae_lab_lava
Volcano:  volcano_tomb

Notes
Turn   | Place    | Note
-------+----------+-------------------------------------------
     0 | D:1      | hittemvvvvvhard the Mummy Artificer began the quest for the Orb.
     0 | D:1      | Reached XP level 1. HP: 15/15 MP: 2/2
   698 | D:1      | Reached XP level 2. HP: 20/21 MP: 1/3
   817 | D:1      | Reached skill level 2 in Dodging
   948 | D:1      | Reached skill level 2 in Fighting
  1262 | D:2      | Found an ancient bone altar of Kikubaaqudgha.
  1263 | D:2      | Found a shattered altar of Ashenzari.
  1475 | D:2      | Reached skill level 1 in Maces & Flails
  1475 | D:2      | Reached XP level 3. HP: 25/27 MP: 4/4
  1756 | D:2      | Found a faded altar of an unknown god.
  2156 | D:3      | Reached skill level 2 in Maces & Flails
  2292 | D:3      | Reached XP level 4. HP: 33/33 MP: 5/5
  2304 | D:3      | Found an iron altar of Okawaru.
  3576 | D:3      | Found a snail-covered altar of Cheibriados.
  3733 | D:4      | Noticed Menkaure
  3773 | D:4      | Reached skill level 3 in Maces & Flails
  3773 | D:4      | Reached XP level 5. HP: 29/38 MP: 4/6
  3914 | D:4      | Noticed Sigmund
  4182 | D:4      | Noticed a phantom
  4366 | D:4      | Found a glowing drain.
  4582 | D:4      | Noticed a phantom
  4647 | D:5      | Entered Level 5 of the Dungeon
  4761 | D:4      | Reached skill level 4 in Maces & Flails
  5012 | D:5      | Reached XP level 6. HP: 28/44 MP: 5/7
  5174 | D:5      | Found a staircase to the Ecumenical Temple.
  5183 | Temple   | Entered the Ecumenical Temple
  5406 | Temple   | Became a worshipper of Hepliaklqana the Forgotten
  5531 | D:5      | Reached skill level 5 in Maces & Flails
  5684 | D:5      | Reached XP level 7. HP: 35/45 MP: 6/8
  5771 | D:5      | Found an iron altar of Okawaru.
  5891 | D:5      | Reached skill level 6 in Maces & Flails
  6659 | D:4      | Reached skill level 1 in Armour
  6754 | D:4      | Killed Menkaure
  6754 | D:4      | Reached skill level 3 in Fighting
  6754 | D:4      | Reached XP level 8. HP: 52/52 MP: 9/9
  7030 | D:5      | Reached skill level 3 in Dodging
  7091 | D:6      | Reached skill level 2 in Armour
  7390 | D:6      | Reached * piety under Hepliaklqana
  7390 | D:6      | Found an opulent altar of Gozag.
  7531 | D:6      | Noticed Prince Ribbit
  7563 | D:6      | Killed Prince Ribbit
  7563 | D:6      | Reached skill level 4 in Fighting
  7816 | D:6      | Found a runed door.
  7842 | D:6      | Reached skill level 7 in Maces & Flails
  7996 | D:6      | Reached skill level 3 in Armour
  8224 | D:7      | Reached skill level 4 in Dodging
  8329 | D:7      | Found a bloodstained altar of Trog.
  8329 | D:7      | Found a deep blue altar of Sif Muna.
  8330 | D:7      | Found a burning altar of Makhleb.
  8503 | D:7      | Reached XP level 9. HP: 39/60 MP: 6/10
  8768 | D:7      | Found a radiant altar of Vehumet.
  8829 | D:7      | Reached skill level 5 in Fighting
 10232 | D:8      | Reached skill level 4 in Armour
 10232 | D:8      | Reached skill level 5 in Dodging
 10418 | D:8      | Reached skill level 6 in Fighting
 10762 | D:8      | Found a staircase to the Lair.
 10879 | D:8      | Reached ** piety under Hepliaklqana
 10880 | D:8      | Remembered your ancestor Richard as a knight
 10969 | D:8      | Noticed PeterMcNeter's ghost (novice DEVM)
 11002 | D:8      | Killed PeterMcNeter's ghost
 11002 | D:8      | Reached skill level 8 in Maces & Flails
 11002 | D:8      | Reached XP level 10. HP: 53/69 MP: 8/11
 11273 | D:9      | Noticed a two-headed ogre
 11721 | D:9      | Found a sacrificial altar of Ru.
 11731 | D:9      | Noticed a two-headed ogre
 11746 | D:9      | Killed a two-headed ogre
 11746 | D:9      | Reached skill level 5 in Armour
 11839 | D:9      | Reached skill level 6 in Dodging
 12204 | D:9      | Reached skill level 7 in Fighting
 12482 | D:10     | Entered Level 10 of the Dungeon
 12607 | D:10     | Killed an unseen horror
 13256 | D:10     | Found a runed door.
 13301 | D:10     | Noticed a two-headed ogre
 13317 | D:10     | Killed a two-headed ogre
 13436 | D:10     | Found a basalt altar of Yredelemnul.
 13446 | D:10     | Noticed a two-headed ogre
 13458 | D:10     | Killed a two-headed ogre
 13458 | D:10     | Reached skill level 6 in Armour
 13458 | D:10     | Reached XP level 11. HP: 61/77 MP: 9/12
 13839 | D:10     | Found a runed door.
 13840 | D:10     | Found a staircase to the Orcish Mines.
 13977 | D:10     | Reached skill level 9 in Maces & Flails
 13999 | D:10     | Reached skill level 8 in Fighting
 14360 | Lair:1   | Entered Level 1 of the Lair of Beasts
 14508 | Lair:1   | Reached skill level 7 in Dodging
 15057 | Lair:1   | Got a steaming hand axe
 15170 | Lair:1   | HP: 16/78 [komodo dragon (28)]
 15172 | Lair:1   | Noticed Grum
 15555 | Lair:1   | Learned a level 1 spell: Summon Butterflies
 15664 | Lair:1   | Killed Grum
 15768 | Lair:1   | Reached *** piety under Hepliaklqana
 16111 | Lair:1   | Noticed a four-headed hydra
 16125 | Lair:1   | Killed a four-headed hydra
 16365 | Lair:1   | Reached skill level 7 in Armour
 16382 | Lair:1   | Reached skill level 9 in Fighting
 17508 | Lair:2   | Reached skill level 8 in Dodging
 17515 | Lair:2   | Noticed an oklob plant
 17826 | Lair:2   | Noticed a six-headed hydra
 17848 | Lair:2   | Killed a six-headed hydra
 17848 | Lair:2   | Reached XP level 12. HP: 68/86 MP: 12/14
 17977 | Lair:2   | Identified a +0 helmet (You found it on level 2 of the Lair of Beasts)
 18154 | Lair:2   | Reached **** piety under Hepliaklqana
 18168 | Lair:2   | Reached skill level 3 in Evocations
 18294 | Lair:2   | Identified a scroll of fog
 18295 | Lair:2   | Identified the +9 hand axe "Fekeevon" {flame, Dex+4} (You found it on level 1 of the Lair of Beasts)
 18297 | Lair:2   | Identified a +0 dire flail (You took it off an orc warrior on level 5 of the Dungeon)
 18589 | Lair:2   | Reached skill level 10 in Maces & Flails
 19087 | Lair:3   | Noticed a four-headed hydra
 19095 | Lair:3   | Killed a four-headed hydra
 19147 | Lair:3   | Got a shimmering scimitar
 19148 | Lair:3   | Identified the +9 scimitar "Kezesko" {slice, rN+} (You found it on level 3 of the Lair of Beasts)
 19512 | Lair:3   | Found a staircase to the Shoals.
 19700 | Lair:3   | Reached skill level 4 in Evocations
 20451 | Lair:4   | Found a hole to the Spider Nest.
 20612 | Lair:4   | Identified a +0 blowgun (You took it off a kobold on level 3 of the Dungeon)
 21013 | Lair:4   | Reached ***** piety under Hepliaklqana
 21771 | Lair:4   | Reached skill level 8 in Armour
 21929 | Lair:5   | Reached skill level 10 in Fighting
 22183 | Lair:5   | Identified a ring of protection (You found it on level 5 of the Lair of Beasts)
 22328 | Lair:5   | Identified a ring of slaying (You found it on level 5 of the Lair of Beasts)
 22475 | Lair:5   | Found a viscous altar of Jiyva.
 22475 | Lair:5   | Found a staircase to the Slime Pits.
 22585 | Lair:5   | Reached skill level 5 in Evocations
 22673 | Lair:5   | Identified a scroll of vulnerability
 22804 | Lair:6   | Entered Level 6 of the Lair of Beasts
 22974 | Lair:6   | Gained mutation: You are in touch with the powers of death. [Mummy growth]
 22974 | Lair:6   | Reached XP level 13. HP: 93/93 MP: 16/16
 23288 | Lair:6   | Noticed Lochraine's ghost (journeyman MiBe)
 23613 | Lair:6   | Reached skill level 9 in Dodging
 24832 | D:6      | Noticed Crazy Yiuf
 24836 | D:6      | Killed Crazy Yiuf
 25397 | D:10     | Reached skill level 6 in Evocations
 25704 | D:10     | Reached skill level 11 in Fighting
 25770 | D:10     | Reached skill level 9 in Armour
 26081 | D:4      | Killed Sigmund
 26505 | D:11     | Reached skill level 11 in Maces & Flails
 27343 | D:11     | Noticed Urug
 27617 | D:11     | Killed Urug
 27935 | D:11     | Identified a +0 great mace (You took it off a two-headed ogre on level 11 of the Dungeon)
 28844 | D:12     | Noticed Nessos
 28867 | D:12     | Killed Nessos
 28867 | D:12     | Reached XP level 14. HP: 38/101 MP: 17/19
 29107 | D:11     | Identified a scroll of enchant weapon
 29428 | D:12     | Noticed Harold
 29807 | D:11     | HP: 10/101 [skeletal warrior/dire flail[a skeletal warrior] (18)]
 30337 | D:12     | Identified a scroll of enchant armour
 30374 | D:12     | HP: 24/101 [Harold/bolt of fire (21)]
 30736 | D:12     | Killed Harold
 30749 | D:12     | Identified a +0 ring mail of poison resistance (You took it off Harold on level 12 of the Dungeon)
 30759 | D:12     | Identified a +0 chain mail (You found it on level 4 of the Dungeon)
 31108 | D:12     | Noticed Fannar
 31132 | D:12     | Killed Fannar
 31660 | D:12     | Got a faintly glowing spear
 32082 | D:11     | Identified a +0 plate armour (You took it off an orc warrior on level 11 of the Dungeon)
 32150 | Orc:1    | Entered Level 1 of the Orcish Mines
 32159 | Orc:1    | Found a dark tunnel.
 32162 | Volcano  | Entered a volcano
 32242 | Volcano  | Reached ****** piety under Hepliaklqana
 32556 | Orc:1    | Found a roughly hewn altar of Beogh.
 32579 | Orc:1    | Reached skill level 7 in Evocations
 32766 | Orc:2    | Entered Level 2 of the Orcish Mines
 32766 | Orc:2    | Found a burning altar of Makhleb.
 32856 | Orc:2    | Reached skill level 10 in Dodging
 32975 | Orc:2    | Noticed an orc warlord
 33115 | Orc:2    | Noticed Avack's ghost (journeyman HOFE)
 33576 | Orc:1    | Killed an orc warlord
 33589 | Orc:1    | Identified a +0 chain mail of fire resistance (You took it off an orc warlord on level 1 of the Orcish Mines)
 33776 | D:13     | Found a labyrinth entrance.
 33787 | Lab      | Entered a labyrinth
 34533 | Lab      | Got a heavily jewelled robe
 34550 | Lab      | Identified the cursed +0 robe of Duty {+Blink rCorr MP+9 Str-4} (You took it off a minotaur in a labyrinth)
 34551 | Lab      | Identified the +1 spear "Xecsearujep" {pierce, rPois rF++ rC-} (You found it on level 12 of the Dungeon)
 35041 | D:13     | Noticed a quicksilver dragon
 35041 | D:13     | Noticed a stone giant
 35041 | D:13     | a quicksilver dragon changed into a stone giant
 35043 | D:13     | Noticed an azure jelly
 35043 | D:13     | a stone giant changed into an azure jelly
 35049 | D:13     | Noticed a fire giant
 35049 | D:13     | an azure jelly changed into a fire giant
 35051 | D:13     | Noticed a stone giant
 35051 | D:13     | a fire giant changed into a stone giant
 35310 | D:13     | Reached skill level 12 in Fighting
 35411 | D:13     | Found a gate to the Vaults.
 35725 | D:13     | Reached skill level 12 in Maces & Flails
 36131 | D:13     | Found Maad's Distillery.
 36815 | D:14     | Reached skill level 10 in Armour
 37018 | D:14     | Identified a ring of strength (You found it on level 14 of the Dungeon)
 37147 | D:14     | Found a corrupted altar of Lugonu.
 37176 | D:14     | Identified a scroll of random uselessness
 38092 | D:14     | Found a portal to a secret trove of treasure.
 38172 | D:15     | Entered Level 15 of the Dungeon
 38389 | D:15     | Reached XP level 15. HP: 86/109 MP: 20/20
 38670 | D:15     | hittemvvvvvhard: @??centaur warrior
 39002 | D:15     | Identified a +0 troll leather armour
 39536 | Spider:1 | Entered Level 1 of the Spider Nest
 40507 | D:10     | Identified a scarf of spirit shield (You found it on level 1 of the Dungeon)
 40522 | D:10     | Reached skill level 8 in Evocations
 41986 | Spider:1 | Reached skill level 11 in Dodging
 42009 | Spider:1 | Identified a ring of protection from cold (You found it in a labyrinth)
 42962 | Shoals:1 | Entered Level 1 of the Shoals
 43598 | Shoals:1 | Identified a scroll of torment
 43854 | Shoals:1 | Noticed Kirke
 43935 | Shoals:1 | Killed Kirke
 43935 | Shoals:1 | Reached skill level 13 in Fighting
 44136 | Shoals:1 | Reached skill level 13 in Maces & Flails
 44816 | Shoals:3 | Reached skill level 11 in Armour
 45747 | Shoals:3 | Identified a scroll of holy word
 46327 | Shoals:2 | Reached XP level 16. HP: 97/117 MP: 16/22
 46617 | Shoals:2 | Noticed a kraken
 47410 | Shoals:3 | Noticed Aizul
 47721 | Shoals:3 | Killed Aizul
 48039 | Shoals:4 | Entered Level 4 of the Shoals
 49233 | Shoals:4 | Noticed Ilsuiw
 49360 | Lair:3   | Upgraded the game from 0.21-a0-15-g606531c to 0.21-a0-19-g210df22
 49853 | Spider:2 | Reached skill level 9 in Evocations
 50268 | Spider:2 | Got a translucent chain mail
 50395 | Spider:2 | Identified the +3 chain mail of Uharotwopn {rN+ Regen+ Str+4 Int+4} (You found it on level 2 of the Spider Nest)
 50444 | Spider:3 | Noticed an entropy weaver
 50881 | Spider:3 | Noticed an entropy weaver
 50962 | Spider:3 | Killed an entropy weaver
 51108 | Spider:3 | HP: 27/118 [entropy weaver (10)]
 51109 | Spider:3 | Killed an entropy weaver
 51733 | Spider:3 | Noticed Nikola
 51743 | Spider:4 | Entered Level 4 of the Spider Nest
 51743 | Spider:4 | Noticed an entropy weaver
 51994 | Shoals:4 | HP: 29/118 [merfolk javelineer/javelin of penetration (6)]
 51994 | Shoals:4 | HP: 12/118 [merfolk javelineer/javelin (17)]
 51998 | Shoals:3 | HP: 4/118 [merfolk javelineer/spear (3)]
 52000 | Shoals:3 | Killed themself with a badly aimed fireball

Table legend:
 A = Turns spent in this place as a percentage of turns spent in the entire game.
 B = Non-inter-level travel turns spent in this place as a percentage of non-inter-level travel turns spent in the entire game.
 C = Inter-level travel turns spent in this place as a percentage of turns spent in this place.
 D = Turns resting spent in this place as a percentage of non-inter-level travel turns spent in this place.
 E = Turns spent auto-exploring this place as a percentage of non-inter-level travel turns spent in this place.
 F = Non-inter-level travel turns spent in this place divided by the number of levels of this place that you've seen.
                   A       B       C       D       E      F
               +-------+-------+-------+-------+-------+----------------------
         Total | 100.0 | 100.0 |   1.2 |   2.5 |   6.7 | 345.6
       Dungeon |  54.6 |  54.5 |   1.3 |   1.9 |   7.8 | 427.3
        Temple |   0.3 |   0.3 |   9.1 |   0.0 |  50.0 |  30.0
          Lair |  15.7 |  15.7 |   1.2 |   1.5 |   8.6 | 307.5
        Shoals |  11.4 |  11.4 |   0.9 |   4.5 |   4.0 | 335.8
   Spider Nest |  10.6 |  10.6 |   0.9 |   4.5 |   3.5 | 311.5
  Orcish Mines |   2.2 |   2.2 |   1.5 |   3.4 |   6.1 | 131.0
     Labyrinth |   4.5 |   4.5 |   0.0 |   0.9 |   0.0 | 530.0
       Volcano |   0.7 |   0.7 |   0.0 |  14.1 |   0.0 |  85.0
               +-------+-------+-------+-------+-------+----------------------

Table legend:
 A = Kills in this place as a percentage of kills in entire the game.
 B = Kills by you in this place as a percentage of kills by you in the entire game.
 C = Kills by friends in this place as a percentage of kills by friends in the entire game.
 D = Other kills in this place as a percentage of other kills in the entire game.
 E = Experience gained in this place as a percentage of experience gained in the entire game.
 F = Experience gained in this place divided by the number of levels of this place that you have seen.
                   A       B       C       D       E      F
               +-------+-------+-------+-------+-------+----------------------
         Total | 100.0 | 100.0 | 100.0 | 100.0 | 100.0 | 6076.3
       Dungeon |  52.0 |  56.8 |  39.3 |  50.0 |  33.6 | 4631.7
          Lair |  17.6 |  16.8 |  20.1 |   0.0 |  17.9 | 6169.5
        Shoals |  11.6 |  10.7 |  14.3 |   0.0 |  23.6 | 12206.2
   Spider Nest |  13.6 |  10.7 |  20.9 |  25.0 |  21.6 | 11138.5
  Orcish Mines |   4.4 |   4.2 |   4.5 |  25.0 |   2.2 | 2270.5
     Labyrinth |   0.6 |   0.6 |   0.4 |   0.0 |   0.9 | 1837.0
       Volcano |   0.2 |   0.2 |   0.4 |   0.0 |   0.2 | 345.0
               +-------+-------+-------+-------+-------+----------------------

Skill      XL: |  1  2  3  4  5  6  7  8  9 10 11 12 13 14 15 16 |
---------------+-------------------------------------------------+-----
Dodging        | 2 4 5 6 8 9 10 11 | 11.8
Fighting       | 2 3 4 6 7 9 10 11 12 13 | 13.7
Maces & Flails | 1 2 3 4 5 6 7 8 9 10 11 12 13 | 13.7
Armour         | 1 3 4 6 7 8 9 10 11 | 11.8
Evocations     | 5 6 7 8 9 |  9.6
Short Blades   | |  0.7
Stealth        | |  0.7

Action                   |  1- 3 |  4- 6 |  7- 9 | 10-12 | 13-15 | 16-18 || total
-------------------------+-------+-------+-------+-------+-------+-------++-------
Melee: Short sword       |   336 |       |       |       |       |       ||   336
       Mace              |    53 |   174 |    63 |       |       |       ||   290
       Flail             |       |     9 |       |       |       |       ||     9
       Dire flail        |       |       |   286 |   669 |   376 |       ||  1331
       Great mace        |       |       |       |       |   911 |   340 ||  1251
 Fire: Blowgun           |       |     4 |    24 |     8 |     3 |     4 ||    43
Throw: Stone             |    22 |    77 |    44 |     7 |       |       ||   150
       Javelin           |       |       |     3 |    22 |    70 |     7 ||   102
       Tomahawk          |       |       |       |    42 |    23 |    18 ||    83
Invok: Recall Ancestor   |       |     1 |     6 |     6 |    12 |     3 ||    28
       Ancestor Identity |       |     1 |       |       |       |       ||     1
       Ancestor Life: Kn |       |       |     1 |       |       |       ||     1
Evoke: Wand              |     5 |     4 |    14 |    51 |    95 |    32 ||   201
       Lamp of fire      |       |       |       |     1 |     4 |     2 ||     7
       Fan of gales      |       |       |       |     1 |       |     1 ||     2
  Use: Scroll            |     4 |     3 |     5 |    11 |    21 |     6 ||    50
 Stab: Distracted        |       |       |     1 |     8 |    13 |     7 ||    29
       Invisible         |       |       |     1 |       |     1 |       ||     2
       Confused          |       |       |       |     2 |     6 |     6 ||    14
       Petrified         |       |       |       |       |     2 |       ||     2
Armor: Ring mail         |    20 |    44 |       |       |       |       ||    64
       Chain mail        |       |    56 |   158 |   321 |   202 |   127 ||   864
       Plate armour      |       |       |       |       |   640 |   176 ||   816
Dodge: Dodged            |    64 |   108 |   141 |   347 |   906 |   329 ||  1895
       Deflected         |       |       |       |     1 |    21 |       ||    22

Vanquished Creatures
  An orc warlord (Orc:1)
  2 emperor scorpions (Spider:2)
  Aizul (Shoals:3)
  An entropy weaver (Spider:3)
  Nessos (D:12)
  2 spark wasps (Spider:2)
  A minotaur (Lab)
  4 merfolk impalers
  Harold (D:12)
  2 catoblepae (D:13)
  Fannar (D:12)
  6 hydras
  7 centaur warriors
  2 merfolk aquamancers (Shoals:3)
  7 two-headed ogres
  A tengu warrior (D:15)
  Urug (D:11)
  A fire crab (shapeshifter) (D:13)
  6 skeletal warriors
  3 unseen horrors
  3 sea snakes
  A glowing orange brain (shapeshifter) (D:13)
  The ghost of PeterMcNeter the Thaumaturge, a novice DEVM of Ashenzari (D:8)
  9 orb spiders
  An ugly thing (D:13)
  An orc sorcerer (Orc:2)
  6 harpies
  11 wolf spiders
  10 manticores
  5 fauns
  3 cyclopes
  6 merfolk sirens
  3 black mambas (Lair:6)
  A centaur zombie (D:11)
  6 spiny frogs
  2 torpor snails
  A spiny frog (shapeshifter) (D:13)
  4 demonic crawlers
  4 rime drakes
  An efreet (D:15)
  A freezing wraith (D:13)
  2 harpy zombies (Shoals:1)
  4 komodo dragons
  A tengu conjurer (D:15)
  13 merfolk
  A wind drake (Shoals:3)
  8 trolls
  9 jumping spiders
  A polar bear (Lair:6)
  18 blink frogs
  A minotaur skeleton (Lab)
  4 hornets
  7 hippogriffs
  5 slime creatures
  3 dream sheep (Lair:6)
  4 snapping turtles
  3 shadows
  20 redbacks
  10 tarantellas
  A flying skull (Volcano)
  3 wraiths
  17 yaks
  2 hogs (Shoals:1)
  9 water elementals
  2 basilisks (Lair:6)
  12 vampire mosquitoes
  2 hungry ghosts
  A steam dragon (D:8)
  Menkaure (D:4)
  4 soldier ants
  A warg (Orc:2)
  11 water moccasins
  15 orc warriors
  A porcupine (Lair:5)
  2 ice beasts (D:10)
  An eye of draining (D:13)
  2 black bears
  A sky beast (D:12)
  9 wolves
  16 killer bees
  3 phantoms
  A necrophage (D:7)
  7 ogres
  13 centaurs
  15 crocodiles
  17 bullfrogs
  2 wyvern skeletons
  7 scorpions
  7 wights
  An electric eel (Spider:2)
  A spriggan skeleton (Lab)
  A howler monkey (D:4)
  4 crimson imps
  A bullfrog zombie (D:8)
  6 hounds
  2 quasits
  4 centaur skeletons
  2 jellies (D:8)
  Crazy Yiuf (D:6)
  5 orc priests
  11 orc wizards
  2 iguanas
  10 worker ants
  A hound zombie (D:10)
  2 hound skeletons
  2 worker ant zombies
  6 gnolls
  10 adders
  A river rat (D:4)
  4 shadow imps
  An ooze (D:2)
  2 adder skeletons
  3 worms
  2 dart slugs
  4 leopard geckos
  53 orcs
  3 ball pythons (D:4)
  6 giant cockroaches
  7 goblins
  8 hobgoblins
  6 jackals
  15 kobolds
  4 quokkas
  4 bats
  6 frilled lizards
  A leopard gecko zombie (D:5)
  6 rats
  3 plants (D:1)
641 creatures vanquished.

Vanquished Creatures (collateral kills)
  Kirke (Shoals:1)
  An entropy weaver (Spider:3)
  A merfolk avatar (Shoals:1)
  4 two-headed ogres
  An unseen horror (D:13)
  3 sea snakes
  4 harpies
  An orb spider (Spider:3)
  An orc sorcerer (Orc:1)
  A deep elf mage (D:13)
  8 wolf spiders
  3 fauns (Shoals:3)
  2 manticores
  2 water nymphs
  5 merfolk sirens
  2 spiny frogs
  A rime drake (Lair:6)
  A demonic crawler (Spider:1)
  2 harpy zombies (Shoals:1)
  8 jumping spiders
  2 wind drakes
  Prince Ribbit (D:6)
  A hornet (Spider:1)
  6 merfolk
  A dream sheep (Lair:6)
  12 blink frogs
  2 hippogriffs
  3 slime creatures (D:14)
  Sigmund (D:4)
  A flying skull (Volcano)
  7 yaks
  5 water elementals
  A shadow (Lab)
  12 tarantellas
  3 wyverns
  26 redbacks
  Grum (Lair:1)
  A basilisk (Lair:3)
  A vampire mosquito (D:15)
  A soldier ant (D:12)
  2 porcupines (Lair:1)
  4 water moccasins
  2 ice beasts
  5 orc warriors
  A phantom (D:5)
  3 sky beasts
  5 wolves
  2 eyes of draining
  An ogre (D:8)
  3 crocodiles
  A big kobold (D:10)
  6 centaurs
  6 bullfrogs
  2 scorpions
  6 killer bees
  A howler monkey (D:8)
  A wight (D:14)
  5 crimson imps
  A quasit (D:9)
  An orc priest (Orc:2)
  A hound (D:9)
  A bullfrog skeleton (D:12)
  An iguana (D:11)
  4 orc wizards
  3 worker ants
  2 worker ant zombies
  A gnoll (D:8)
  2 adders
  2 adder zombies
  2 leopard geckos
  22 orcs
  A bat zombie (Shoals:1)
  2 giant cockroaches
  A kobold (D:10)
  A leopard gecko skeleton (D:7)
  A plant (Lair:4)
245 creatures vanquished.

Vanquished Creatures (others)
  An orb spider (Spider:3)
  A hornet (Spider:3)
  3 killer bees (D:10)
  18 knights
  3 ancestors
  An orc (D:13)
  12 fungi
  12 plants
  4 tentacles (Shoals:2)
55 creatures vanquished.

Grand Total: 941 creatures vanquished
